[Event "Titled Tuesday Blitz November 15 Early 2022"]
[White "D`Arruda, Ricardo D."]
[Black "Izuzquiza Gonzalez, Javier"]
[WhiteFideId "100692"]
[BlackFideId "3101029"]
[WhiteElo "2476"]
[BlackElo "2034"]
[Result "1-0"]
[Round "06"]
[TimeControl "180+1"]
[Date "2022.11.16"]
[WhiteClock "0:01:08"]
[BlackClock "0:00:45"]

1. d4 Nf6 2. Nf3 d5 3. c4 e6 4. Nc3 Bb4 5. e3 O-O 6. Bd3 dxc4 7. Bxc4 c5 8. a3 Bxc3+ 9. bxc3 Nbd7 10. O-O b6 11. Qe2 Bb7 12. Bd3 Rc8 13. e4 cxd4 14. cxd4 Qc7 15. Bg5 h6 16. Bh4 Rfe8 17. h3 Qc3 18. Bg3 Qa5 19. a4 Rc3 20. Rfe1 Rec8 21. Bf4 Qb4 22. Bd2 Qb3 23. Bxc3 Rxc3 24. Reb1 Rxd3 25. Rxb3 Rxb3 26. Qc2 Rb4 27. d5 exd5 28. Qc7 Ba6 29. e5 1-0


[Site "https://www.chess.com"]

[Event "Titled Tuesday Blitz November 15 Early 2022"]
[White "Deac, Bogdan-Daniel"]
[Black "Harsha Bharathakoti"]
[WhiteFideId "1226380"]
[BlackFideId "5078776"]
[WhiteElo "2648"]
[BlackElo "2523"]
[Result "1-0"]
[Round "06"]
[TimeControl "180+1"]
[Date "2022.11.15"]
[WhiteClock "0:00:04"]
[BlackClock "0:00:03"]

1. Nf3 Nf6 2. g3 g6 3. b3 Bg7 4. Bb2 O-O 5. Bg2 c5 6. c4 d6 7. d4 d5 8. cxd5 Nxd5 9. O-O Nc6 10. Qd2 cxd4 11. Nxd4 Nxd4 12. Bxd4 Be6 13. Bxg7 Kxg7 14. Rd1 Nf6 15. Bxb7 Qxd2 16. Nxd2 Rab8 17. Bf3 a5 18. Rdc1 Rfd8 19. Nc4 a4 20. bxa4 Rb4 21. Ne5 Rxa4 22. Nc6 Rd2 23. Nxe7 Raxa2 24. Rxa2 Rxa2 25. Nc6 Ra4 26. e3 h5 27. Nd4 Bg4 28. Bg2 Ra2 29. h3 Bd7 30. Rc2 Rxc2 31. Nxc2 Kf8 32. e4 Bc6 33. e5 Bxg2 34. Kxg2 Nd7 35. f4 f6 36. exf6 Nxf6 37. Kf3 Kf7 38. Nd4 Nd5 39. Nc6 Kf6 40. Ne5 Ne7 41. Nc4 Nf5 42. Ne3 Ne7 43. g4 hxg4+ 44. hxg4 Ke6 45. Ke4 Nc6 46. Nd5 Nd8 47. Nb4 Nb7 48. Nd3 Nd6+ 49. Kd4 Nb5+ 50. Ke3 Nd6 51. Kd4 Nb5+ 52. Kc4 Nd6+ 53. Kc5 Ne4+ 54. Kd4 Nf6 55. Nc5+ Kf7 56. g5 Nh5 57. Ke5 Ng3 58. Ne4 Nf5 59. Nd6+ 1-0


[Site "https://www.chess.com"]

[Event "Titled Tuesday Blitz November 15 Early 2022"]
[White "Demchenko, Anton"]
[Black "parintele_chess"]
[WhiteFideId "4160258"]
[WhiteElo "2545"]
[BlackElo "2211"]
[Result "1-0"]
[Round "06"]
[TimeControl "180+1"]
[Date "2022.11.16"]
[WhiteClock "0:02:34"]
[BlackClock "0:01:05"]

1. e4 e5 2. Nf3 Nc6 3. Bc4 Nf6 4. d3 Bc5 5. Be3 Bxe3 6. fxe3 O-O 7. Nbd2 d5 8. exd5 Nxd5 9. Qe2 Nb6 10. Bb3 a5 11. a3 a4 12. Ba2 Qe7 13. O-O Be6 14. Bxe6 Qxe6 15. Rf2 h6 16. Raf1 Qa2 17. Nh4 Qxb2 18. Nf5 Qxc2 19. Nxh6+ gxh6 20. Qg4+ Kh8 21. Rf6 Qxd3 22. Rxh6+ Qh7 23. Qh5 Qxh6 24. Qxh6+ Kg8 25. Qg5+ Kh7 26. Rf3 1-0


[Site "https://www.chess.com"]

[Event "Titled Tuesday Blitz November 15 Early 2022"]
[White "Demin, Vladimir"]
[Black "Zemlyanskii, Ivan"]
[WhiteFideId "4167457"]
[BlackFideId "24249971"]
[WhiteElo "2573"]
[BlackElo "2107"]
[Result "0-1"]
[Round "06"]
[TimeControl "180+1"]
[Date "2022.11.16"]
[WhiteClock "0:00:03"]
[BlackClock "0:00:41"]

1. d4 d5 2. Nc3 e6 3. e4 Nf6 4. Bg5 Be7 5. Bxf6 Bxf6 6. Nf3 O-O 7. Qd3 b6 8. O-O-O Bb7 9. e5 Be7 10. h4 c5 11. Kb1 Nc6 12. Ng5 g6 13. Nf3 cxd4 14. Nxd4 Nxe5 15. Qg3 Bf6 16. h5 Bg7 17. hxg6 hxg6 18. Bb5 Qf6 19. f4 Nc4 20. Nf3 Nxb2 21. Qh3 Rfd8 22. Rd4 Nc4 23. Qh7+ Kf8 24. Bxc4 dxc4 25. Rxd8+ Rxd8 26. Ne5 Qxf4 27. Nxg6+ fxg6 28. g3 Qf6 0-1


[Site "https://www.chess.com"]

[Event "Titled Tuesday Blitz November 15 Early 2022"]
[White "Devaev, Alexander"]
[Black "Marchesich, Giovanni"]
[WhiteFideId "4169395"]
[BlackFideId "2824790"]
[WhiteElo "2225"]
[BlackElo "2200"]
[Result "1-0"]
[Round "06"]
[TimeControl "180+1"]
[Date "2022.11.16"]
[WhiteClock "0:00:07"]
[BlackClock "0:00:09"]

1. d4 d6 2. c4 Nf6 3. Nc3 Nbd7 4. e4 e5 5. d5 Be7 6. Nf3 O-O 7. h3 a5 8. Be3 b6 9. Be2 Nc5 10. Qc2 Ne8 11. g4 g6 12. Rg1 Ng7 13. Bh6 Kh8 14. O-O-O a4 15. Kb1 Ba6 16. Qd2 Rg8 17. Ng5 Bxg5 18. Bxg5 f6 19. Be3 Qd7 20. h4 f5 21. gxf5 gxf5 22. Qc2 f4 23. Bxc5 bxc5 24. Nxa4 Bxc4 25. Bxc4 Rxa4 26. b3 Ra3 27. Rd2 Nh5 28. Rxg8+ Kxg8 29. Qd1 Nf6 30. Qg1+ Qg7 31. Qh1 Ng4 32. Kb2 Ra8 33. Qf3 Kh8 34. a4 Nf6 35. Rd1 Qg6 36. Re1 h5 37. Bd3 Ng4 38. Rg1 Qf6 39. Rh1 Qd8 40. Bc4 Qb8 41. Rg1 Qc8 42. Kc2 Qd7 43. Qe2 Rf8 44. Qf3 Qe7 45. a5 Ra8 46. a6 Kh7 47. Rxg4 hxg4 48. Qxg4 Qg7 49. Qh5+ Kg8 50. Bb5 Qg2 51. Qe2 Ra7 52. Kb2 Kf7 53. Bd3 Kf6 54. Ka3 Qg1 55. Qb2 Qe1 56. Qc2 Qb4+ 57. Kb2 Ra8 58. Qe2 Qd4+ 59. Kc2 Rg8 60. Bc4 Qa1 61. Qh5 Qa2+ 62. Kc3 Qa1+ 63. Kd2 Qb2+ 64. Ke1 Qc1+ 65. Qd1 Qc3+ 66. Ke2 Qb2+ 67. Kf1 Qc3 68. h5 Qh3+ 69. Ke2 f3+ 70. Kd3 Qxh5 71. Qd2 Qh2 72. Qe3 Rg2 73. Qxf3+ Ke7 74. Qf5 Rxf2 75. Qe6+ Kf8 76. Qc8+ Kg7 77. Qxc7+ Kg6 78. Qxd6+ Kh7 79. Qd7+ Kg6 80. Qe8+ Kg5 81. Qg8+ Kf4 82. Qf7+ Kg3 83. Qg6+ Kf3 84. Qf6+ Kg4 85. Qg6+ Kf4 86. Qh6+ Kf3 87. Qxh2 Rxh2 88. d6 Rh7 89. Bd5 Kf2 90. Bb7 Rd7 91. Kc4 Rxd6 92. Kxc5 Rd4 93. a7 1-0


[Site "https://www.chess.com"]

[Event "Titled Tuesday Blitz November 15 Early 2022"]
[White "Dilmukhametov, Artur"]
[Black "Alfaro, William"]
[WhiteFideId "24179922"]
[BlackFideId "6100457"]
[WhiteElo "2197"]
[BlackElo "2096"]
[Result "0-1"]
[Round "06"]
[TimeControl "180+1"]
[Date "2022.11.16"]
[WhiteClock "0:00:23"]
[BlackClock "0:01:15"]

1. e4 c5 2. Nf3 Nc6 3. c3 d5 4. exd5 Qxd5 5. d4 cxd4 6. cxd4 Bg4 7. Nc3 Bxf3 8. Nxd5 Bxd1 9. Kxd1 O-O-O 10. Nc3 Nxd4 11. Bd2 Nf6 12. Rc1 Kb8 13. Bf4+ Ka8 14. Ke1 e6 15. Nb5 Bb4+ 16. Nc3 e5 17. Be3 Rhe8 18. Be2 Ne4 19. f3 Nd6 20. Kf2 N6f5 21. Rhd1 a6 22. a3 Bc5 23. Ne4 Nxe3 24. Kxe3 Nf5# 0-1


[Site "https://www.chess.com"]

[Event "Titled Tuesday Blitz November 15 Early 2022"]
[White "Dixit, Nikhil"]
[Black "Tang, Andrew"]
[WhiteFideId "5059534"]
[BlackFideId "2059630"]
[WhiteElo "2207"]
[BlackElo "2581"]
[Result "1-0"]
[Round "06"]
[TimeControl "180+1"]
[Date "2022.11.16"]
[WhiteClock "0:00:20"]
[BlackClock "0:00:01"]

1. e4 b5 2. Bxb5 f5 3. exf5 c6 4. Qh5+ g6 5. fxg6 Bg7 6. gxh7+ Kf8 7. hxg8=Q+ Kxg8 8. Qf3 cxb5 9. Qxa8 Nc6 10. Nf3 Kh7 11. a4 b4 12. a5 Qc7 13. a6 Qb6 14. O-O Bxa6 15. Qxh8+ Kxh8 16. Re1 b3 17. cxb3 e6 18. Nc3 Nb4 19. Ra4 Bb7 20. Re3 Bc6 21. Ra3 Nc2 22. d4 Nxa3 23. bxa3 Qxb3 24. Ne5 Bb7 25. h4 Kh7 26. Rg3 Bh8 27. Nf7 Bf6 28. Ng5+ Bxg5 29. Bxg5 Qxa3 30. Kh2 Qd6 31. Bf6 Qf4 32. Be5 Qxf2 33. Nb5 a5 34. Nd6 Bxg2 35. Rxg2 Qxh4+ 36. Kg1 Qe1+ 37. Kh2 Qe3 38. Nf7 a4 39. Rg7# 1-0


[Site "https://www.chess.com"]

[Event "Titled Tuesday Blitz November 15 Early 2022"]
[White "Donskov, Anatoly"]
[Black "Thiel, Thomas"]
[WhiteFideId "24143413"]
[BlackFideId "4615964"]
[WhiteElo "2219"]
[BlackElo "2245"]
[Result "1-0"]
[Round "06"]
[TimeControl "180+1"]
[Date "2022.11.16"]
[WhiteClock "0:01:58"]
[BlackClock "0:01:57"]

1. e4 d5 2. exd5 Nf6 3. Bb5+ Nbd7 4. d4 Nxd5 5. c4 Nf6 6. Nf3 c6 7. Ba4 Qa5+ 8. Nc3 Ne4 9. Bb3 Nxc3 10. bxc3 e5 11. O-O Be7 12. Re1 exd4 13. cxd4 Nf6 14. Bd2 Qa3 15. Qe2 Be6 16. d5 cxd5 17. cxd5 Bxd5 18. Bxd5 Nxd5 19. Qb5+ 1-0


[Site "https://www.chess.com"]

[Event "Titled Tuesday Blitz November 15 Early 2022"]
[White "Dubov, Daniil"]
[Black "Beerdsen, Thomas"]
[WhiteFideId "24126055"]
[BlackFideId "1030108"]
[WhiteElo "2791"]
[BlackElo "2567"]
[Result "1-0"]
[Round "06"]
[TimeControl "180+1"]
[Date "2022.11.15"]
[WhiteClock "0:01:09"]
[BlackClock "0:01:53"]

1. e4 e5 2. Nf3 Nc6 3. Bc4 Nf6 4. d3 h6 5. O-O d6 6. a4 g5 7. Be3 g4 8. Nfd2 h5 9. Bg5 h4 10. f4 exf4 11. Rxf4 Be7 12. Qf1 d5 13. Bxf6 Bxf6 14. exd5 Bd4+ 15. Kh1 h3 16. dxc6 hxg2+ 17. Qxg2 Be5 18. Re4 f6 19. d4 g3 20. Qxg3 Qxd4 21. Qg6+ 1-0


[Site "https://www.chess.com"]

[Event "Titled Tuesday Blitz November 15 Early 2022"]
[White "Dudzinski, Pawel"]
[Black "Gerbelli Neto, Eduardo"]
[WhiteFideId "1117890"]
[BlackFideId "2103281"]
[WhiteElo "2086"]
[BlackElo "2178"]
[Result "1-0"]
[Round "06"]
[TimeControl "180+1"]
[Date "2022.11.16"]
[WhiteClock "0:00:09"]
[BlackClock "0:00:21"]

1. e4 e5 2. Nc3 Nf6 3. g3 d5 4. exd5 Nxd5 5. Bg2 Be6 6. Nf3 Nc6 7. O-O Nxc3 8. bxc3 Be7 9. Re1 Bf6 10. d4 exd4 11. cxd4 O-O 12. c3 Re8 13. Bf4 Ne7 14. Ne5 Nd5 15. Bd2 c6 16. Rb1 Qc7 17. Qc2 g6 18. c4 Nb6 19. Ba5 Bf5 20. Be4 Bxe5 21. dxe5 Bxe4 22. Rxe4 c5 23. Bxb6 axb6 24. Qe2 Qc6 25. Rb2 Ra3 26. h4 h5 27. Kh2 Kg7 28. Rd2 Re6 29. f4 Rc3 30. Re3 Rc1 31. Qg2 Qxg2+ 32. Kxg2 Rxc4 33. Rd7 Ra4 34. Re2 c4 35. Rxb7 Rc6 36. e6 Kf8 37. exf7 Rc8 38. Rxb6 c3 39. Rc2 Kxf7 40. Rb3 Rac4 41. Kf3 Kf6 42. Rb6+ R8c6 43. Rxc6+ Rxc6 44. Ke4 Ra6 45. Kd3 Ra3 46. Kc4 Kf5 47. Kb4 Ra8 48. Kxc3 Kg4 49. Kb4 Kxg3 50. a4 Kxh4 51. Rg2 Rf8 52. Rxg6 Rxf4+ 53. Kb5 Rxa4 54. Kxa4 Kh3 55. Kb3 h4 56. Kc2 Kh2 57. Kd2 h3 58. Ke2 Kh1 59. Kf2 h2 60. Kg3 Kg1 61. Ra6 1-0


[Site "https://www.chess.com"]

[Event "Titled Tuesday Blitz November 15 Early 2022"]
[White "Ezat, Mohamed"]
[Black "Sadubayev, Airat"]
[WhiteFideId "10600906"]
[BlackFideId "13713264"]
[WhiteElo "2386"]
[BlackElo "2160"]
[Result "0-1"]
[Round "06"]
[TimeControl "180+1"]
[Date "2022.11.16"]
[WhiteClock "0:00:08"]
[BlackClock "0:00:28"]

1. d4 d5 2. c4 c6 3. Nc3 Nf6 4. cxd5 cxd5 5. Bf4 Nc6 6. e3 Bf5 7. Qb3 Na5 8. Qa4+ Bd7 9. Qc2 e6 10. Bd3 Rc8 11. Nf3 Bb4 12. O-O O-O 13. Ne5 h6 14. Rac1 Nh5 15. Bg3 Nxg3 16. hxg3 a6 17. f4 Qe7 18. Qe2 Rfd8 19. g4 Be8 20. g3 f6 21. Ng6 Qd6 22. Kg2 Nc4 23. g5 f5 24. Ne5 Nxe5 25. fxe5 Qe7 26. gxh6 gxh6 27. Rh1 Qg5 28. Rh4 Rc7 29. Rch1 Bxc3 30. bxc3 h5 31. c4 dxc4 32. Bxc4 Bc6+ 33. d5 Rxd5 34. Bxd5 Bxd5+ 35. e4 fxe4 36. Rxh5 e3+ 37. Kh2 Qg6 38. Rh4 Rc2 39. Re1 Bf3 40. Qxc2 Qxc2+ 41. Kh3 Qg2# 0-1


[Site "https://www.chess.com"]

[Event "Titled Tuesday Blitz November 15 Early 2022"]
[White "Fecker, Noah"]
[Black "Galchenko, Matvey"]
[WhiteFideId "1334263"]
[BlackFideId "24175480"]
[WhiteElo "2291"]
[BlackElo "2403"]
[Result "0-1"]
[Round "06"]
[TimeControl "180+1"]
[Date "2022.11.16"]
[WhiteClock "0:00:38"]
[BlackClock "0:01:49"]

1. d4 Nf6 2. Bg5 Ne4 3. Bh4 c5 4. d5 Qb6 5. Qc1 g5 6. Bg3 Bg7 7. c3 h5 8. f3 Nxg3 9. hxg3 Bf6 10. Nd2 Be5 11. Ne4 Qg6 12. Qxg5 Qxg5 13. Nxg5 Bxg3+ 14. Kd1 d6 15. e4 Nd7 16. Ne2 Be5 17. f4 Bg7 18. g3 Nf6 19. Bg2 Bd7 20. Kd2 Ng4 21. Raf1 Bf6 22. Nf3 O-O-O 23. b3 e6 24. c4 exd5 25. cxd5 Bb5 26. Bh3 Rde8 27. Re1 Kc7 28. Bxg4 hxg4 29. Rxh8 Rxh8 30. Nfg1 Rh2 31. a4 Ba6 32. Ke3 b5 33. axb5 Bxb5 34. Rc1 Kb6 35. Rb1 a5 36. Nc1 Bd4# 0-1


[Site "https://www.chess.com"]

[Event "Titled Tuesday Blitz November 15 Early 2022"]
[White "Fedoseev, Vladimir"]
[Black "Stribuk, Artiom"]
[WhiteFideId "24130737"]
[BlackFideId "13515659"]
[WhiteElo "2726"]
[BlackElo "2371"]
[Result "1-0"]
[Round "06"]
[TimeControl "180+1"]
[Date "2022.11.15"]
[WhiteClock "0:00:11"]
[BlackClock "0:00:02"]

1. e4 c5 2. Nf3 Nc6 3. Bb5 e6 4. Nc3 Nd4 5. O-O a6 6. Bd3 Nc6 7. Be2 Nd4 8. Nxd4 cxd4 9. Nb1 Bc5 10. d3 Ne7 11. c4 Nc6 12. f4 b5 13. cxb5 axb5 14. Nd2 Bb7 15. f5 Qe7 16. Qe1 f6 17. Nb3 O-O 18. Nxc5 Qxc5 19. Bd2 Qc2 20. Qc1 Qxc1 21. Rfxc1 exf5 22. exf5 Ne5 23. Bb4 Rfc8 24. Bc5 Kf7 25. a3 Nc6 26. Bf3 g6 27. Bd5+ Kg7 28. fxg6 hxg6 29. Kf2 Re8 30. Re1 Re5 31. Rxe5 fxe5 32. Re1 Re8 33. Kg3 Nd8 34. Bxb7 Nxb7 35. Bxd4 d6 36. Bc3 Nc5 37. d4 Na4 38. Bb4 Kf7 39. b3 Nb2 40. Bxd6 exd4 41. Rxe8 Kxe8 42. Kf4 Kd7 43. Bb4 Ke6 44. Ke4 Nd1 45. Kxd4 Nf2 46. h3 Kd7 47. Be1 Nd1 48. Kd3 Kc6 49. Kd2 1-0


[Site "https://www.chess.com"]

[Event "Titled Tuesday Blitz November 15 Early 2022"]
[White "Fernandez De La Vara, Arnaldo"]
[Black "Golubova, Anna"]
[WhiteFideId "3518388"]
[BlackFideId "24173606"]
[WhiteElo "2387"]
[BlackElo "2047"]
[Result "1-0"]
[Round "06"]
[TimeControl "180+1"]
[Date "2022.11.16"]
[WhiteClock "0:00:09"]
[BlackClock "0:00:18"]

1. Nf3 g6 2. g3 Bg7 3. Bg2 d6 4. d4 Nf6 5. b3 O-O 6. Bb2 Nbd7 7. c4 Re8 8. O-O c6 9. Nc3 Qc7 10. Qc2 e5 11. e4 exd4 12. Nxd4 Nc5 13. Rfe1 a5 14. Rad1 Be6 15. h3 h5 16. f4 a4 17. Kh2 axb3 18. axb3 Na6 19. f5 Bd7 20. fxg6 fxg6 21. Nf3 Nb4 22. Qd2 Ra5 23. Ne2 c5 24. Nf4 Kh7 25. Ng5+ Kg8 26. Nxg6 Ra3 27. Bxa3 Nc6 28. Bb2 Nd4 29. Nf3 Nxe4 30. Rxe4 Rxe4 31. Nxd4 Re8 32. Nf3 Bf5 33. Qg5 Qf7 34. Nf4 Bc2 35. Rxd6 Bxb3 36. Bxg7 Bc2 37. Bb2+ Kf8 38. Rf6 Ke7 39. Rxf7+ Kxf7 40. Qf6+ Kg8 41. Qg7# 1-0


[Site "https://www.chess.com"]

[Event "Titled Tuesday Blitz November 15 Early 2022"]
[White "Fernandez Garcia, Gumersindo"]
[Black "Kleiman, Jake"]
[WhiteFideId "24516740"]
[BlackFideId "2020041"]
[WhiteElo "2140"]
[BlackElo "2611"]
[Result "1-0"]
[Round "06"]
[TimeControl "180+1"]
[Date "2022.11.16"]
[WhiteClock "0:00:28"]
[BlackClock "0:00:06"]

1. d4 Nf6 2. Nf3 e6 3. g3 d5 4. Bg2 b5 5. a4 b4 6. O-O Nbd7 7. c4 bxc3 8. Nxc3 c6 9. Bf4 Bb4 10. Ne5 Nxe5 11. Bxe5 O-O 12. Rc1 Bd6 13. Bxf6 Qxf6 14. e4 Qd8 15. e5 Be7 16. Qd3 a5 17. Rfe1 Ba6 18. Qd2 c5 19. h4 Qb6 20. Ne2 Bxe2 21. Rxe2 cxd4 22. Rd1 Bc5 23. Qg5 h6 24. Qg4 Qb3 25. Red2 Qxa4 26. Bf1 Rab8 27. Bd3 Rfc8 28. Bc2 Qb4 29. Bb1 d3 30. Qf3 Qd4 31. Bxd3 Qxe5 32. Bb1 h5 33. b3 g6 34. Re2 Qg7 35. Red2 Rb4 36. Bc2 Be7 37. Kg2 Qc3 38. Qe2 Bf6 39. Bxg6 fxg6 40. Qxe6+ Kh7 41. Rxd5 Bg7 42. Rd6 Qc2 43. R1d2 Qf5 44. Qe7 Rf8 45. Rd7 Qf3+ 46. Kh2 Qf6 47. Qe3 Rb6 48. Ra7 Re6 49. Qc5 Rf7 50. Rxf7 Qxf7 51. Qxa5 Rf6 52. Qc5 Rf3 53. b4 Bh6 54. Re2 Bf8 55. Qd4 Rf5 56. Kg2 Qb7+ 57. Re4 Rf7 58. f3 Bg7 59. Qe3 Qd7 60. Qe2 Qd5 61. b5 Rb7 62. Rb4 Qc5 63. Rb3 Qb6 64. Qe4 Rc7 65. Qe2 Rc5 66. Qd3 Re5 67. g4 hxg4 68. fxg4 Qb7+ 69. Kg3 Qb8 70. Kh3 Qe8 71. h5 Bf6 72. b6 Bg5 73. Qxg6+ Qxg6 74. hxg6+ Kxg6 75. b7 Re8 76. b8=Q Rxb8 77. Rxb8 Bf6 78. Rb6 Kg5 79. Rb5+ Kh6 80. Kg3 Kg6 81. Kf4 Bg7 82. Rb6+ Kf7 83. Kf5 Bf8 84. Rb7+ Be7 85. g5 Kf8 86. Kg6 Ba3 87. Rb8+ Ke7 88. Kh7 Bb2 89. g6 Be5 90. Rb7+ Kf8 91. g7+ Bxg7 92. Rxg7 1-0


[Site "https://www.chess.com"]

[Event "Titled Tuesday Blitz November 15 Early 2022"]
[White "Fiedorek, Michal"]
[Black "Golubev, Mikhail"]
[WhiteFideId "1199528"]
[BlackFideId "14100983"]
[WhiteElo "2201"]
[BlackElo "2374"]
[Result "1-0"]
[Round "06"]
[TimeControl "180+1"]
[Date "2022.11.16"]
[WhiteClock "0:00:29"]
[BlackClock "0:00:01"]

1. e4 g6 2. d4 Bg7 3. Nc3 d6 4. Be3 c6 5. a4 Nd7 6. Qd2 Ngf6 7. h3 O-O 8. Nf3 d5 9. e5 Ne4 10. Nxe4 dxe4 11. Ng5 c5 12. e6 cxd4 13. Bxd4 Bxd4 14. exf7+ Rxf7 15. Nxf7 Qb6 16. Bc4 e6 17. c3 Bf6 18. Nd6 e3 19. Bxe6+ Kh8 20. fxe3 Bh4+ 21. Ke2 Ne5 22. Bxc8 Be7 23. Rad1 Bxd6 24. Qxd6 Qxd6 25. Rxd6 Rxc8 26. Rhd1 Kg7 27. Re6 Nc4 28. Rd7+ Kh6 29. Rxb7 a6 30. Ree7 Kg5 31. Rbc7 Rxc7 32. Rxc7 Nxb2 33. c4 Nxa4 34. Ra7 Nc5 35. Rxh7 a5 36. Rc7 Nb3 37. Ra7 1-0


[Site "https://www.chess.com"]

[Event "Titled Tuesday Blitz November 15 Early 2022"]
[White "Flis, Pawel"]
[Black "Broca Jimenez, Fernando"]
[WhiteFideId "1112864"]
[BlackFideId "5104742"]
[WhiteElo "1817"]
[BlackElo "2062"]
[Result "1-0"]
[Round "06"]
[TimeControl "180+1"]
[Date "2022.11.16"]
[WhiteClock "0:00:13"]
[BlackClock "0:00:24"]

1. e4 c5 2. Nf3 g6 3. d4 cxd4 4. Nxd4 Nc6 5. c4 Nf6 6. Nc3 d6 7. Be2 Nxd4 8. Qxd4 Bg7 9. Bg5 O-O 10. O-O Be6 11. Qd2 Re8 12. Rac1 Qa5 13. Rfd1 Rad8 14. Bxf6 Bxf6 15. Nd5 Qxd2 16. Nxf6+ exf6 17. Rxd2 f5 18. exf5 Bxf5 19. Bf3 Be4 20. Bxe4 Rxe4 21. f3 Re6 22. Rcd1 Kf8 23. c5 Ke7 24. b4 Rd7 25. Kf2 Kd8 26. cxd6 Re5 27. Rd5 Re6 28. a4 a6 29. g4 f6 30. f4 Re4 31. Kf3 Rxb4 32. a5 Rb3+ 33. Kg2 Rb5 34. Kg3 Rxd5 35. Rxd5 Ke8 36. Kh4 Kf7 37. f5 Rd8 38. Kg3 Ke8 39. fxg6 hxg6 40. h4 Kd7 41. h5 gxh5 42. gxh5 Ke6 43. Rd1 f5 44. Kf4 Kf6 45. h6 Ke6 46. h7 Kd7 47. Kxf5 Rh8 48. Kg6 b5 49. Kg7 Rb8 50. h8=Q Rxh8 51. Kxh8 b4 52. Rb1 b3 53. Rxb3 Kxd6 54. Rb6+ Kc7 55. Rxa6 Kb7 56. Rb6+ Ka7 57. Kg7 Ka8 58. Kf6 Ka7 59. Ke7 Ka8 60. Kd7 Ka7 61. Kc7 Ka8 62. Rh6 Ka7 63. a6 Ka8 64. a7 Kxa7 65. Rg6 Ka8 66. Ra6# 1-0


[Site "https://www.chess.com"]

[Event "Titled Tuesday Blitz November 15 Early 2022"]
[White "Gabrielian, Artur"]
[Black "Alekseenko, Kirill"]
[WhiteFideId "4131002"]
[BlackFideId "4135539"]
[WhiteElo "2432"]
[BlackElo "2682"]
[Result "1-0"]
[Round "06"]
[TimeControl "180+1"]
[Date "2022.11.15"]
[WhiteClock "0:00:08"]
[BlackClock "0:00:04"]

1. e4 e5 2. Nf3 Nc6 3. Bc4 Nf6 4. d3 Bc5 5. Bg5 d6 6. c3 a6 7. Nbd2 Ba7 8. O-O h6 9. Bh4 g5 10. Bg3 O-O 11. a4 Kg7 12. b4 Nh7 13. b5 Na5 14. d4 f6 15. Ba2 Re8 16. Re1 Nf8 17. Nf1 Ng6 18. Ne3 c6 19. bxa6 bxa6 20. Nf5+ Bxf5 21. exf5 Ne7 22. Be6 Nd5 23. Rc1 Rb8 24. h4 Rh8 25. c4 Nc7 26. dxe5 dxe5 27. Nxe5 Rb2 28. Qh5 Qe8 29. Bf7 Qe7 30. Qg6+ Kf8 31. Rcd1 Bxf2+ 32. Bxf2 fxe5 33. Be6 Nxe6 34. fxe6 Rxf2 35. Kxf2 Rg8 36. Qf5+ Kg7 37. Rd7 1-0


[Site "https://www.chess.com"]

[Event "Titled Tuesday Blitz November 15 Early 2022"]
[White "Gedgafov, Chamal"]
[Black "Safin, Robert"]
[WhiteFideId "34130621"]
[BlackFideId "34189120"]
[WhiteElo "2067"]
[BlackElo "2253"]
[Result "1-0"]
[Round "06"]
[TimeControl "180+1"]
[Date "2022.11.16"]
[WhiteClock "0:02:11"]
[BlackClock "0:00:08"]

1. c4 e6 2. g3 d5 3. Bg2 Nf6 4. Nf3 Be7 5. O-O O-O 6. d4 dxc4 7. Qc2 b5 8. Ne5 Nd5 9. b3 cxb3 10. axb3 Bb7 11. Bd2 c6 12. Ba5 Nb6 13. e3 Qc7 14. Nc3 Rc8 15. Ne4 N8d7 16. Nd3 h6 17. Nec5 Rab8 18. Be4 Qd6 19. Bb4 Qc7 20. Rxa7 Qd8 21. Nxb7 1-0


[Site "https://www.chess.com"]

[Event "Titled Tuesday Blitz November 15 Early 2022"]
[White "Georg, Heinz"]
[Black "Kaidanov, Gregory"]
[WhiteFideId "4607295"]
[BlackFideId "2008564"]
[WhiteElo "2334"]
[BlackElo "2638"]
[Result "0-1"]
[Round "06"]
[TimeControl "180+1"]
[Date "2022.11.16"]
[WhiteClock "0:00:25"]
[BlackClock "0:00:34"]

1. e4 e5 2. Nf3 Nc6 3. Nc3 Nf6 4. d4 exd4 5. Nd5 Be7 6. Nxd4 O-O 7. Nb5 Nxd5 8. exd5 Ne5 9. d6 cxd6 10. Be2 b6 11. f4 Nc6 12. O-O Ba6 13. a4 Re8 14. Bf3 Rc8 15. Re1 Bf8 16. Be3 d5 17. Bxd5 Rxe3 18. Rxe3 Bc5 19. Ra3 Qf6 20. Kh1 Bxa3 21. bxa3 Bxb5 22. axb5 Nd4 23. c3 Nf5 24. Re5 g6 25. g4 Ne7 26. Qd4 Nxd5 27. Re8+ Rxe8 0-1


[Site "https://www.chess.com"]

[Event "Titled Tuesday Blitz November 15 Early 2022"]
[White "Gheorghiu, Calin"]
[Black "Sailer, Mike"]
[WhiteFideId "1200305"]
[BlackFideId "2012901"]
[WhiteElo "2225"]
[BlackElo "2109"]
[Result "1-0"]
[Round "06"]
[TimeControl "180+1"]
[Date "2022.11.16"]
[WhiteClock "0:00:08"]
[BlackClock "0:00:04"]

1. e4 d5 2. exd5 Qxd5 3. Nc3 Qd6 4. d4 Nf6 5. Nf3 c6 6. g3 Bf5 7. Bg2 e6 8. O-O Be7 9. Bf4 Qd8 10. Re1 O-O 11. Qd2 Nbd7 12. Nh4 Bg4 13. h3 Bh5 14. g4 Bg6 15. Nxg6 hxg6 16. Ne4 Nxe4 17. Bxe4 Nf6 18. Bg2 Nd5 19. Bxd5 cxd5 20. Kg2 Bd6 21. c3 Qc7 22. Bxd6 Qxd6 23. Rh1 Rae8 24. f4 f6 25. Rae1 e5 26. dxe5 fxe5 27. fxe5 Rxe5 28. Rxe5 Qxe5 29. Re1 Qd6 30. Qe3 Kh7 31. Qe5 Qc5 32. Re2 Qc4 33. Rf2 Rxf2+ 34. Kxf2 Qxa2 35. Qe2 Qa5 36. Kg3 Qc5 37. Kh4 Qd6 38. Qe3 Qf6+ 39. Kg3 b6 40. Qf4 Qe6 41. Kh4 Qe7+ 42. Kg3 Qe1+ 43. Kg2 Qe2+ 44. Qf2 Qxf2+ 45. Kxf2 g5 46. Ke3 Kg6 47. Kd4 Kf6 48. Kxd5 b5 49. Kc5 a6 50. Kb6 Ke5 51. Kxa6 Kf4 52. Kxb5 Kg3 53. c4 Kxh3 54. c5 Kxg4 55. c6 1-0


[Site "https://www.chess.com"]

[Event "Titled Tuesday Blitz November 15 Early 2022"]
[White "Ginzburg, Yakov"]
[Black "Durarbayli, Vasif"]
[WhiteFideId "4157176"]
[BlackFideId "13402935"]
[WhiteElo "2305"]
[BlackElo "2586"]
[Result "1/2-1/2"]
[Round "06"]
[TimeControl "180+1"]
[Date "2022.11.15"]
[WhiteClock "0:00:28"]
[BlackClock "0:00:29"]

1. e4 c5 2. Nf3 d6 3. Bb5+ Nd7 4. O-O a6 5. Bxd7+ Bxd7 6. d4 cxd4 7. Nxd4 Nf6 8. Nc3 g6 9. f4 Qc7 10. Qe2 Bg7 11. e5 dxe5 12. fxe5 Ng4 13. Bf4 Bxe5 14. Bxe5 Qxe5 15. Qxe5 Nxe5 16. Rae1 f6 17. Nd5 Kd8 18. Nb6 Rb8 19. c4 Re8 20. c5 Kc7 21. Nd5+ Kd8 22. Nb6 Kc7 23. Nd5+ Kd8 24. Nb6 1/2-1/2


[Site "https://www.chess.com"]